AoeStats
← cmd

Arena

508030438Analyzed
3v3 RM · 11d ago on Sep 20, 2026· 22m 28s· 6 players
Game mode
Random Map
Map size
Normal (6 player)
Population
200
Speed
Normal
Resources
Standard
Victory
Conquest
Starting age
Dark Age
Ending age
Imperial Age
RankedLock teamsTeams togetherTeam positionsShared explorationLock speedFull tech treeHidden civsTurbo modeCheats
Victory
Defeat
🇫🇷 Franks · France
1152
+9
🇹🇼 Vietnamese · Taiwan
1058
+13
🇫🇷 Italians · France
1043
+14
🇩🇪 Spanish · Germany
1037
-14
🇩🇪 Britons · Germany
1019
-13
🇩🇪 Goths · Germany
923
-9
Jason
7:59 Loom
10:39 Feudal Age
15:18 Castle Age
15:23 Double-Bit Axe
16:51 Fletching
18:38 Crossbowman
22:00 Wheelbarrow
21:46 Padded Archer Armor
skoddex
11:03 Feudal Age
10:05 Loom
14:04 Loom
17:31 Castle Age
15:34 Double-Bit Axe
18:49 Forging
18:48 Husbandry
19:41 Bow Saw
19:41 Scale Barding Armor
Melon-Lord
11:13 Feudal Age
14:48 Castle Age
12:38 Horse Collar
13:54 Double-Bit Axe
20:21 Loom
21:11 Wheelbarrow
20:22 Town Watch
helo
11:17 Feudal Age
16:19 Castle Age
16:59 Double-Bit Axe
18:23 Fletching
18:59 Bodkin Arrow
19:05 Horse Collar
21:29 Wheelbarrow
cmd
12:10 Loom
14:15 Feudal Age
19:02 Castle Age
19:04 Double-Bit Axe
19:06 Horse Collar
20:01 Gold Mining
20:15 Heavy Plow
noname
12:04 Feudal Age
16:45 Castle Age
15:06 Double-Bit Axe
15:03 Horse Collar
19:15 Wheelbarrow
18:25 Loom
20:37 Bow Saw
21:13 Heavy Plow
Connection lost

Rejoining the realm…

Still unreachable

The connection could not be restored.

Session expired

The server has moved on; the page needs a fresh start.